 Dungeon Crawl Stone Soup version 0.22-a0-322-g60b3cfd (webtiles) character file.

105425 galech the Brawler (level 15, -2/152 HPs)
             Began as a Troll Monk on Apr 4, 2018.
             Was the Champion of Okawaru.
             Killed from afar by a fire giant (34 damage)
             ... with a fireball
             ... on level 15 of the Dungeon.
             The game lasted 00:57:08 (23082 turns).

galech the Brawler (Troll Monk)                    Turns: 23082, Time: 00:57:08

Health: -2/152     AC: 15    Str: 32    XL:     15   Next: 94%
Magic:  21/23      EV: 18    Int:  6    God:    Okawaru [******]
Gold:   2268       SH: 19    Dex: 12    Spells: 14/14 levels left

rFire    . . .     SeeInvis +     - Unarmed
rCold    + . .     Gourm    +   C - +5 shield of the Bagpipe {MP+9}
rNeg     + . .     Faith    .   N - +1 troll leather armour
rPois    .         Spirit   .   k - +1 hat {MR+}
rElec    .         Reflect  .   X - +2 cloak {+Inv}
rCorr    .         Harm     .   (gloves unavailable)
MR       ++...                  (boots unavailable)
Stlth    ++++......             F - amulet of regeneration
HPRegen  1.55/turn              P - ring of see invisible
MPRegen  0.18/turn              z - ring "Libaxomon" {rC+ rN+ Str+4 Stlth+}

@: heroism
A: large, unfitting armour, claws 3, blurry vision 1, fast metabolism 3,
gourmand, regeneration 1, shaggy fur 2, tough skin 2, MP-powered wands
a: Heroism, Finesse, Renounce Religion, Evoke Invisibility


You were on level 15 of the Dungeon.
You worshipped Okawaru.
Okawaru was exalted by your worship.
You were completely stuffed.

You visited 4 branches of the dungeon, and saw 24 of its levels.
You also visited: Labyrinth and Ice Cave.

You collected 2607 gold pieces.
You spent 339 gold pieces at shops.

Inventory:

Hand Weapons
 S - the +10 scimitar of Bloody Death {flame, *Rage +Rage rElec rPois}
   (Okawaru gifted it to you on level 4 of the Lair of Beasts)

   It has been specially enchanted to burn those struck by it, causing extra
   injury to most foes and up to half again as much damage against particularly
   susceptible opponents.
   Big, fiery blades are also staple armaments of hydra-hunters.
   It insulates you from electricity.
   It protects you from poison.
   It lets you go berserk.
   It may make you go berserk in combat.
 V - the cursed +1 long sword of Distant Worlds {distort, rC+ rN+ Dex-3, unknown}
   (You found it on level 5 of the Lair of Beasts)

   It warps and distorts space around it.
   Unwielding it can cause banishment or high damage.
   It affects your dexterity (-3).
   It protects you from cold.
   It protects you from negative energy.
   It has a curse placed upon it.
 Y - the +8 giant club of Crusades {protect, Dex+4}
   (Okawaru gifted it to you on level 2 of the Orcish Mines)

   It protects the one who uses it against injury (+AC on strike).
   It affects your dexterity (+4).
Armour
 h - a +2 robe of magic resistance
 k - a +1 hat of magic resistance (worn)
 C - the +5 shield of the Bagpipe (worn) {MP+9}
   (Okawaru gifted it to you on level 11 of the Dungeon)

   It affects your magic capacity (+9).
 I - a +0 robe of magic resistance
 N - a +1 troll leather armour (worn)
 R - a +0 large shield
 X - a +2 cloak of invisibility (worn)
Jewellery
 r - an uncursed ring of fire
 s - a +3 ring of strength
 u - an uncursed ring of positive energy
 z - the ring "Libaxomon" (right claw) {rC+ rN+ Str+4 Stlth+}
   (You took it off an orc priest on level 5 of the Dungeon)

   [ring of positive energy]

   It affects your strength (+4).
   It protects you from cold.
   It protects you from negative energy.
   It makes you more stealthy.
 A - an uncursed ring of protection from cold
 F - an amulet of regeneration (around neck)
 H - an uncursed ring of protection from magic {unknown}
 O - an uncursed ring of positive energy
 P - a ring of see invisible (left claw)
Wands
 x - a wand of enslavement (11)
 y - a wand of random effects (25)
 K - a wand of digging (15)
Scrolls
 d - 3 scrolls of blinking
 e - 11 scrolls of remove curse
 f - a scroll of summoning {unknown}
 g - 2 scrolls of magic mapping
 i - 3 scrolls of enchant armour
 m - 9 scrolls of teleportation
 n - 4 scrolls of fear
 t - 7 scrolls of amnesia
 E - 4 scrolls of enchant weapon
 G - a scroll of torment
 L - 5 scrolls of fog
 U - a scroll of immolation
 Z - 2 scrolls of identify
Potions
 a - a potion of resistance {unknown}
 j - 2 potions of flight
 l - 6 potions of degeneration {unknown}
 o - a potion of magic
 p - 6 potions of haste
 q - 5 potions of agility {unknown}
 v - 11 potions of curing {unknown}
 w - 2 potions of berserk rage
 B - 2 potions of mutation
 D - 3 potions of invisibility
 J - 4 potions of brilliance
Miscellaneous
 T - a fan of gales
Comestibles
 b - 34 rations
 c - a chunk of flesh


   Skills:
 + Level 10.9(15.9) Fighting
 + Level 7.8(12.8) Armour
 + Level 10.9(15.9) Dodging
 - Level 1.0(6.0) Stealth
 + Level 10.1(15.1) Shields
 * Level 17.0(22.0) Unarmed Combat


You had 14 spell levels left.
You didn't know any spells.

Dungeon Overview and Level Annotations

Branches:
Dungeon (15/15)            Temple (1/1) D:6            Lair (6/6) D:8
  Swamp (0/4) Lair:4        Snake (0/4) Lair:3        Slime (0/5) Lair:6
    Orc (2/2) D:12            Elf (0/3) Orc:2        Vaults (0/5) D:13
 Depths (0/5) D:15

Altars:
Cheibriados
Elyvilon
Gozag
Nemelex Xobeh
Okawaru
Ru
Trog
The Shining One
Jiyva

Shops:
D:8 ?   Orc:2 :(%}

Annotations:
D:9 exclusion: oklob plant
D:15 Rupert


Innate Abilities, Weirdness & Mutations

You are too large for most types of armour.
You have claws for hands.
Your metabolism is lightning-fast.
You like to eat raw meat.
Your natural rate of healing is unusually fast.
You are covered in thick fur. (AC +2)
You have very tough skin. (AC +2)
Scrolls take you a little longer to read.
You expend magic power (3 MP) to strengthen your wands.


Message History

You start resting.
You gain the combat prowess of a mighty hero.
The fire giant points at you and mumbles some strange words.
The bolt of fire hits you!
The fire giant gestures at you while chanting.
The bolt of fire misses you.
You barely miss the fire giant. You mangle the fire giant!!
The fire giant is moderately wounded.
The fire giant casts a spell at you. The bolt of fire hits you!
* * * LOW HITPOINT WARNING * * *
You claw the fire giant!
The fire giant is moderately wounded.
You eviscerate the fire giant!!!
The fire giant is almost dead.
You hear a shout!
The fire giant points at you and mumbles some strange words.
The fireball explodes!
The fireball engulfs you!
You die...

#.##..≈§§§.≈≈≈≈. ######
#.....≈≈≈...≈≈≈.
#....#######(..#≈..>..≈#.
#........#.....≈§§..§≈≈≈.
###.......[#(##..≈§§§.≈≈≈≈.
###...÷......#.##...#§§§.≈#..
#<'..........'..#....≈≈§≈≈..
###.....#....#.###...§C≈....
#.....#...@######.........
##########.C..............
#.############### #.#
#####.####### #.....#.....#
###.###.###.# #÷# #.# #.#
#.###.# #.#


You could see a fire giant.

Vanquished Creatures
  Louise (D:15)
  The ghost of SpeedyPerson7 the Champion of Chaos, a journeyman DDFi of Makhleb (D:14)
  A minotaur (Lab)
  Snorg (D:11)
  The ghost of galech the Grappler, a journeyman TrMo of Okawaru (Orc:2)
  Harold (Lair:3)
  The ghost of PeterLawrence the Basher, a journeyman GrFi of Okawaru (Lair:3)
  12 hydras
  Erica (Orc:1)
  A death knight (D:11)
  2 dancing weapons (D:13)
  4 two-headed ogres
  3 centaur warriors
  4 catoblepae
  12 death yaks (Lair:6)
  5 orc high priests (Orc:2)
  Urug (Lair:3)
  8 unseen horrors
  8 orc knights (Orc:2)
  A necromancer (IceCv)
  A wolf spider zombie (D:14)
  9 ugly things
  2 cyclopes
  5 manticores
  A centaur zombie (D:12)
  3 ice statues (IceCv)
  Joseph (D:8)
  11 elephants
  8 black mambas
  2 gargoyles
  Maurice (Orc:1)
  17 spiny frogs
  A centaur skeleton (D:15)
  2 kobold demonologists
  A minotaur zombie (Lab)
  8 komodo dragons
  A freezing wraith (D:14)
  A rime drake (shapeshifter) (D:13)
  A harpy zombie (D:15)
  7 ice devils (IceCv)
  A troll (shapeshifter) (D:13)
  A queen bee (shapeshifter) (D:14)
  A wolf spider simulacrum (D:14)
  2 hornets
  3 trolls
  21 blink frogs
  Grinder (D:5)
  5 hippogriffs
  4 polar bears
  2 slime creatures (D:13)
  A meliai zombie (D:14)
  2 redbacks (Lab)
  2 vampires (D:14)
  4 shadows
  6 basilisks
  53 yaks
  5 wyverns
  9 hungry ghosts
  A warg (Orc:2)
  A soldier ant (D:12)
  3 nagas (Lair:3)
  An acid dragon (D:14)
  11 water moccasins
  7 porcupines
  4 sky beasts
  2 swamp drakes (D:11)
  31 orc warriors
  9 ice beasts
  6 phantoms
  2 black bears
  4 boggarts (D:15)
  11 centaurs
  10 wolves
  6 ogres
  12 crocodiles
  2 big kobolds
  19 bullfrogs
  8 scorpions
  4 killer bees
  8 wights
  4 howler monkeys
  3 crimson imps
  2 quasits
  A draconian simulacrum (IceCv)
  7 hounds
  2 bullfrog skeletons
  34 orc priests
  9 jellies
  20 orc wizards
  3 bullfrog zombies
  5 iguanas
  15 worker ants
  3 troll simulacra (IceCv)
  2 spriggan simulacra (IceCv)
  2 centaur simulacra (IceCv)
  2 hound zombies
  A hound skeleton (D:5)
  A mummy (D:8)
  A gnoll (D:3)
  2 ogre simulacra (IceCv)
  15 adders
  A river rat (D:11)
  4 shadow imps
  14 oozes
  4 worms
  5 leopard geckos
  90 orcs
  7 giant cockroaches
  9 goblins
  4 hobgoblins
  7 jackals
  8 kobolds
  8 quokkas
  A ball python (D:4)
  17 bats
  7 frilled lizards
  2 jackal skeletons
  11 rats
  A plant (D:2)
771 creatures vanquished.

Vanquished Creatures (others)
  34 fungi
  7 plants
41 creatures vanquished.

Grand Total: 812 creatures vanquished

Notes
Turn   | Place    | Note
-------+----------+-------------------------------------------
     0 | D:1      | galech the Troll Monk began the quest for the Orb.
     0 | D:1      | Reached XP level 1. HP: 22/22 MP: 0/0
   177 | D:1      | Reached XP level 2. HP: 29/29 MP: 1/1
   653 | D:1      | Reached XP level 3. HP: 36/36 MP: 2/2
   895 | D:2      | Reached skill level 4 in Unarmed Combat
   975 | D:2      | Reached XP level 4. HP: 44/44 MP: 3/3
  1779 | D:3      | Reached XP level 5. HP: 43/53 MP: 4/4
  2373 | D:4      | Noticed a phantom
  2408 | D:4      | Killed a phantom
  2408 | D:4      | Reached skill level 5 in Unarmed Combat
  2408 | D:4      | Reached XP level 6. HP: 58/61 MP: 5/5
  2843 | D:4      | Found a white marble altar of Elyvilon.
  3553 | D:5      | Entered Level 5 of the Dungeon
  3579 | D:5      | Reached skill level 6 in Unarmed Combat
  3579 | D:5      | Reached XP level 7. HP: 32/68 MP: 6/6
  3747 | D:5      | Got a scorched lapis lazuli ring
  3784 | D:5      | Identified the ring "Libaxomon" {rC+ rN+ Str+4 Stlth+} (You took it off an orc priest on level 5 of the Dungeon)
  3916 | D:5      | Noticed Grinder
  3932 | D:5      | Paralysed by Grinder for 4 turns
  3939 | D:5      | Killed Grinder
  4021 | D:5      | Reached skill level 1 in Shields
  4021 | D:5      | Reached skill level 7 in Unarmed Combat
  4021 | D:5      | Reached XP level 8. HP: 71/79 MP: 7/7
  4457 | D:6      | Reached skill level 5 in Dodging
  4457 | D:6      | Reached skill level 8 in Unarmed Combat
  4475 | D:6      | Reached skill level 5 in Fighting
  4627 | D:6      | Found a staircase to the Ecumenical Temple.
  4642 | Temple   | Entered the Ecumenical Temple
  4679 | Temple   | Became a worshipper of Warmaster Okawaru
  4679 | Temple   | Reached * piety under Okawaru
  4679 | Temple   | Reached ** piety under Okawaru
  4714 | D:6      | Found an opulent altar of Gozag.
  4724 | D:6      | Found a glowing golden altar of the Shining One.
  5023 | D:7      | Noticed a hippogriff
  5027 | D:7      | Killed a hippogriff
  5027 | D:7      | Reached XP level 9. HP: 84/88 MP: 8/8
  5466 | D:8      | Found Qyssoam's Magic Scroll Boutique.
  5470 | D:8      | Bought a scroll of identify for 22 gold pieces
  5470 | D:8      | Bought a scroll of magic mapping for 38 gold pieces
  5470 | D:8      | Bought a scroll of teleportation for 33 gold pieces
  5470 | D:8      | Bought a scroll of identify for 22 gold pieces
  5470 | D:8      | Bought a scroll of identify for 22 gold pieces
  5470 | D:8      | Bought a scroll of blinking for 82 gold pieces
  5470 | D:8      | Bought a scroll of magic mapping for 38 gold pieces
  5470 | D:8      | Bought a scroll of enchant armour for 82 gold pieces
  5474 | D:8      | Gained mutation: Scrolls take you a little longer to read. [potion of mutation]
  5474 | D:8      | Gained mutation: You are covered in thick fur. (AC +2) [potion of mutation]
  5474 | D:8      | Gained mutation: You expend magic power (3 MP) to strengthen your wands. [potion of mutation]
  5532 | D:8      | Reached skill level 9 in Unarmed Combat
  5534 | D:8      | Noticed a two-headed ogre
  5547 | D:8      | Killed a two-headed ogre
  5547 | D:8      | Reached *** piety under Okawaru
  5769 | D:8      | Found a staircase to the Lair.
  5780 | D:8      | Noticed Joseph
  5787 | D:8      | Killed Joseph
  6132 | D:8      | Found a snail-covered altar of Cheibriados.
  6213 | D:9      | Reached **** piety under Okawaru
  6563 | D:9      | Noticed a troll
  6574 | D:9      | Killed a troll
  6574 | D:9      | Reached skill level 10 in Unarmed Combat
  6574 | D:9      | Reached XP level 10. HP: 56/98 MP: 6/9
  6893 | D:9      | Noticed an oklob plant
  7019 | D:10     | Entered Level 10 of the Dungeon
  7990 | Lair:1   | Entered Level 1 of the Lair of Beasts
  8129 | Lair:1   | Reached ***** piety under Okawaru
  8134 | Lair:1   | Noticed a spiny frog
  8148 | Lair:1   | Killed a spiny frog
  8148 | Lair:1   | Reached skill level 5 in Shields
  8422 | Lair:1   | Reached skill level 11 in Unarmed Combat
  8619 | Lair:1   | Noticed a spiny frog
  8622 | Lair:1   | Noticed a black mamba
  8625 | Lair:1   | Killed a spiny frog
  8629 | Lair:1   | Killed a black mamba
  8629 | Lair:1   | Received a gift from Okawaru
  9004 | Lair:1   | Noticed an eight-headed hydra
  9014 | Lair:1   | Killed a 12-headed hydra
  9014 | Lair:1   | Reached XP level 11. HP: 52/109 MP: 2/10
  9423 | Lair:2   | Found a frozen archway.
  9511 | IceCv    | Entered an ice cave
  9788 | IceCv    | Reached skill level 12 in Unarmed Combat
  9911 | IceCv    | Noticed a necromancer
  9930 | IceCv    | Killed a necromancer
  9930 | IceCv    | Received a gift from Okawaru
  9938 | IceCv    | Got a scorched demon whip {god gift}
  9939 | IceCv    | Identified the +4 demon whip "Udunty" {drain, +Fly rElec rF- Int+8} (Okawaru gifted it to you in an ice cave)
  9992 | IceCv    | Got a dazzling glaive
 10164 | Lair:2   | Noticed an eight-headed hydra
 10347 | Lair:2   | Reached skill level 1 in Armour
 10500 | Lair:2   | Reached ****** piety under Okawaru
 10696 | Lair:2   | Killed a 14-headed hydra
 10696 | Lair:2   | Reached XP level 12. HP: 74/119 MP: 3/11
 11140 | Lair:3   | Found an opulent altar of Gozag.
 11155 | Lair:3   | Noticed PeterLawrence's ghost (journeyman GrFi)
 11161 | Lair:3   | Noticed a six-headed hydra
 11168 | Lair:3   | Killed PeterLawrence's ghost
 11182 | Lair:3   | Killed a 12-headed hydra
 11182 | Lair:3   | Reached skill level 13 in Unarmed Combat
 11306 | Lair:3   | Received a gift from Okawaru
 11311 | Lair:3   | Found a staircase to the Snake Pit.
 11517 | Lair:3   | Noticed Harold
 11535 | Lair:3   | Killed Harold
 11967 | Lair:3   | Noticed Urug
 11979 | Lair:3   | Killed Urug
 12060 | Lair:4   | Noticed a five-headed hydra
 12061 | Lair:4   | Noticed a five-headed hydra
 12271 | Lair:3   | HP: 6/122 [spiny frog (19)]
 12276 | Lair:3   | HP: 3/122 [poisoned by a spiny frog]
 12282 | Lair:3   | HP: 6/122 [poisoned by a spiny frog]
 12509 | Lair:3   | Received a gift from Okawaru
 12824 | Lair:4   | Received a gift from Okawaru
 12824 | Lair:4   | Reached XP level 13. HP: 68/130 MP: 12/12
 12829 | Lair:4   | Got an encrusted scimitar {god gift}
 12885 | Lair:4   | Identified the +10 scimitar of Bloody Death {flame, *Rage +Rage rElec rPois} (Okawaru gifted it to you on level 4 of the Lair of Beasts)
 12955 | Lair:4   | Identified the +7 glaive "Jeowext" {flame, *Drain *Slow Str+4 Dex+3} (You found it in an ice cave)
 13063 | Lair:4   | Reached skill level 14 in Unarmed Combat
 13116 | Lair:4   | Found a staircase to the Swamp.
 13968 | Lair:5   | Received a gift from Okawaru
 14077 | Lair:5   | Got a dazzling long sword
 14657 | Lair:6   | Entered Level 6 of the Lair of Beasts
 14995 | Lair:6   | Reached skill level 5 in Armour
 15374 | Lair:6   | Received a gift from Okawaru
 15402 | Lair:6   | Reached XP level 14. HP: 87/140 MP: 13/13
 15403 | Lair:6   | Reached skill level 15 in Unarmed Combat
 15874 | Lair:6   | Found a staircase to the Slime Pits.
 15875 | Lair:6   | Found a viscous altar of Jiyva.
 16634 | D:11     | Noticed Snorg
 16645 | D:11     | Killed Snorg
 16645 | D:11     | Received a gift from Okawaru
 16660 | D:11     | Got a transparent shield {god gift}
 16671 | D:11     | Identified the +5 shield of the Bagpipe {MP+9} (Okawaru gifted it to you on level 11 of the Dungeon)
 16742 | D:11     | Reached skill level 10 in Dodging
 16769 | D:11     | Reached skill level 10 in Fighting
 17383 | D:12     | Found a labyrinth entrance.
 17391 | Lab      | Entered a labyrinth
 17716 | D:12     | Found a staircase to the Orcish Mines.
 18134 | D:12     | Reached skill level 16 in Unarmed Combat
 18269 | Orc:1    | Entered Level 1 of the Orcish Mines
 18399 | Orc:1    | Noticed Maurice
 18406 | Orc:1    | Killed Maurice
 18565 | Orc:1    | Noticed Erica
 18582 | Orc:1    | Killed Erica
 18845 | Orc:2    | Entered Level 2 of the Orcish Mines
 19072 | Orc:2    | Found a staircase to the Elven Halls.
 19074 | Orc:2    | Noticed galech's ghost (journeyman TrMo)
 19083 | Orc:2    | Killed galech's ghost
 19083 | Orc:2    | Received a gift from Okawaru
 19083 | Orc:2    | Reached XP level 15. HP: 150/150 MP: 14/14
 19143 | Orc:2    | Got a dazzling giant club {god gift}
 19615 | Orc:2    | Received a gift from Okawaru
 19630 | Orc:2    | Identified the +8 giant club of Crusades {protect, Dex+4} (Okawaru gifted it to you on level 2 of the Orcish Mines)
 19819 | Orc:2    | Found Foennesi's Book Shoppe.
 19822 | Orc:2    | Found Milunarr's Gadget Shoppe.
 19823 | Orc:2    | Found Pyijaf's Antique Weapon Shoppe.
 19824 | Orc:2    | Found Jonoenk's Food Emporium.
 20610 | D:13     | Found a gate to the Vaults.
 21169 | D:14     | Received a gift from Okawaru
 21228 | D:14     | Identified Sif Muna's Guide on Spatial Curses
 21389 | D:14     | Noticed SpeedyPerson7's ghost (journeyman DDFi)
 21403 | D:14     | Killed SpeedyPerson7's ghost
 21582 | D:14     | Reached skill level 10 in Shields
 22058 | D:15     | Entered Level 15 of the Dungeon
 22087 | D:15     | Found a staircase to the Depths.
 22088 | D:15     | Noticed a fire giant
 22443 | D:15     | Noticed Rupert
 22447 | D:15     | Paralysed by Rupert for 6 turns
 22453 | D:15     | HP: 3/152 [fire giant/bolt of fire (40)]
 22463 | D:15     | Noticed Louise
 22474 | D:15     | Reached skill level 17 in Unarmed Combat
 22704 | D:15     | Killed Louise
 23082 | D:15     | Killed from afar by a fire giant

Vault maps used:
D:1:      minmay_arrival_doors
D:2:      serial_bayou, serial_bayou_pond_b, serial_bayou_pond_d,
          serial_bayou_pond_a, serial_bayou_lagoon_b, minmay_quantized
D:3:      kennysheep_six_static_rooms
D:4:      kennysheep_big_flooded_room, lemuel_crystal_altar, first_ration
D:5:      hangedman_minor_gate_pass, uniq_grinder
D:6:      minitemple, minmay_temple_entry_overgrown
D:8:      slow_altar_2, lair_entry_dummy, serial_shops, shop, uniq_joseph
D:9:      lemuel_slime, grunt_ogre_cave
D:11:     pond, uniq_snorg
D:12:     hiddenorc1_lemuel, lab_entry_generic, kennysheep_kite_vault
D:13:     erik_vaults_1
D:14:     hex_tiny, hangedman_batty
D:15:     grunt_enter_depths_giant_problem, hangedman_abyss_or_decor_clamps,
          kennysheep_inner_square, uniq_rupert, uniq_azrael, uniq_louise
Temple:   dpeg_five_rooms_temple
Lair:1:   grunt_megastairs_2
Lair:2:   portal_ice_cave_entry_ice_beasts, nicolae_quartered_pool_little
Lair:3:   minmay_snake_entry_guardpost_small, basic_altar,
          infiniplex_staircase_pool, uniq_harold, uniq_urug
Lair:4:   beast_lair_carwin_large_2, swamp_mist, st_stairs_5
Lair:6:   evilmike_catoblepas_cave, slime_altar_1, infiniplex_staircase_pool_2
Orc:1:    uniq_maurice, uniq_erica
Orc:2:    st_orc_pillars
Lab:      labyrinth_hidden_loot, nicolae_lab_arrow, nicolae_lab_grate_2,
          nicolae_lab_statue, nicolae_lab_stuck, lab_statue,
          nicolae_lab_quarters, nicolae_lab_do_over, nicolae_lab_flowing_pool,
          nicolae_lab_starburst, lab_hedge
IceCv:    ice_cave_tombish

Skill      XL: |  1  2  3  4  5  6  7  8  9 10 11 12 13 14 15 |
---------------+----------------------------------------------+-----
Unarmed Combat | 4 5 6 7 8 10 11 12 13 14 16 17 | 17.0
Dodging        | 3 4 5 6 7 8 9 10 | 10.9
Fighting       | 3 4 5 6 7 8 9 10 | 10.9
Shields        | 1 3 4 5 6 7 8 9 10 | 10.1
Armour         | 1 3 5 6 7 |  7.8
Stealth        | |  1.0

Action                   |  1- 3 |  4- 6 |  7- 9 | 10-12 | 13-15 || total
-------------------------+-------+-------+-------+-------+-------++-------
Melee: Unarmed           |    95 |   142 |   261 |   632 |  1367 ||  2497
       Punch             |       |     4 |       |       |       ||     4
       Scimitar          |       |       |       |       |    72 ||    72
Invok: Heroism           |       |       |     1 |     8 |    16 ||    25
       Finesse           |       |       |       |     3 |       ||     3
  Use: Scroll            |       |       |    12 |     3 |    13 ||    28
       Potion            |       |       |     1 |       |     2 ||     3
 Stab: Sleeping          |     4 |     2 |     6 |    12 |    17 ||    41
       Distracted        |       |       |     1 |     2 |     1 ||     4
  Eat: Chunk             |    14 |    18 |    29 |    55 |   109 ||   225
       Ration            |       |       |       |     2 |     1 ||     3
Armor: Robe              |    43 |    36 |    48 |    53 |       ||   180
       Troll leather arm |       |       |       |    61 |   239 ||   300
Dodge: Dodged            |    41 |    68 |    76 |   213 |   507 ||   905
Block: Shield            |       |       |   117 |   332 |  1007 ||  1456
       Rpst.: Scimitar   |       |       |       |       |    12 ||    12

Table legend:
 A = Spawn XP
 B = Non-spawn XP
 C = Spawn XP percentage of total XP
 D = Spawn monster count
 E = Non-spawn monster count
 F = Spawn count percentage of total count
 G = Total turns spent on level
                    A         B        C        D         E        F      G
               +---------+---------+-------+---------+---------+-------+---------
         Total |       0 |  150608 |   0.0 |       0 |     770 |   0.0 | 23082
               +---------+---------+-------+---------+---------+-------+---------
           D:1 |       0 |      42 |   0.0 |       0 |      21 |   0.0 |   729
           D:2 |       0 |     108 |   0.0 |       0 |      26 |   0.0 |   826
           D:3 |       0 |     107 |   0.0 |       0 |      26 |   0.0 |   793
           D:4 |       0 |     394 |   0.0 |       0 |      14 |   0.0 |  1205
           D:5 |       0 |    1183 |   0.0 |       0 |      23 |   0.0 |   843
           D:6 |       0 |     900 |   0.0 |       0 |      18 |   0.0 |   510
           D:7 |       0 |     665 |   0.0 |       0 |      22 |   0.0 |   473
           D:8 |       0 |    1948 |   0.0 |       0 |      15 |   0.0 |   813
           D:9 |       0 |    1228 |   0.0 |       0 |      28 |   0.0 |   912
          D:10 |       0 |    1861 |   0.0 |       0 |      28 |   0.0 |   973
          D:11 |       0 |   10009 |   0.0 |       0 |      49 |   0.0 |   733
          D:12 |       0 |    6041 |   0.0 |       0 |      56 |   0.0 |   736
          D:13 |       0 |   10833 |   0.0 |       0 |      37 |   0.0 |   805
          D:14 |       0 |   16238 |   0.0 |       0 |      54 |   0.0 |  1064
          D:15 |       0 |    8161 |   0.0 |       0 |      25 |   0.0 |   993
        Lair:1 |       0 |    3955 |   0.0 |       0 |      19 |   0.0 |  1316
        Lair:2 |       0 |    6986 |   0.0 |       0 |      26 |   0.0 |  1201
        Lair:3 |       0 |   11707 |   0.0 |       0 |      29 |   0.0 |  1546
        Lair:4 |       0 |    8212 |   0.0 |       0 |      25 |   0.0 |   975
        Lair:5 |       0 |    8519 |   0.0 |       0 |      26 |   0.0 |  1142
        Lair:6 |       0 |   26020 |   0.0 |       0 |      64 |   0.0 |  1630
         Orc:1 |       0 |    2870 |   0.0 |       0 |      34 |   0.0 |   596
         Orc:2 |       0 |   13593 |   0.0 |       0 |      71 |   0.0 |  1339
           Lab |       0 |    4324 |   0.0 |       0 |      13 |   0.0 |   242
         IceCv |       0 |    4704 |   0.0 |       0 |      21 |   0.0 |   617
               +---------+---------+-------+---------+---------+-------+---------
